 Dungeon Crawl Stone Soup version 0.31-a0-237-g2d982f9f85 (webtiles) character file.

Game seed: 5398997493139267068

23928 LobsterGuardian the Tainter (level 13, 0/81 HPs)
             Began as an Octopode Venom Mage on July 6, 2023.
             Was a High Priest of Dithmenos.
             Shot with an arrow by a deep elf archer (11 damage)
             ... on level 13 of the Dungeon on July 12, 2023.
             The game lasted 01:10:52 (15193 turns).

LobsterGuardian the Tainter (Octopode Venom Mage)  Turns: 15193, Time: 01:10:53

Health: 0/81       AC:  5    Str: 20    XL:     13   Next: 9%
Magic:  11/31      EV: 18    Int: 35    God:    Dithmenos [*****.]
Gold:   901        SH:  0    Dex: 14    Spells: 1/24 levels left

rFire   + . .        z - +8 short sword "Dragonslayer" {chaos, rPois Int+3}
rCold   . . .        (no shield)
rNeg    . . .        (helmet restricted)
rPois   +            l - amulet of regeneration
rElec   .            q - +4 ring of protection
rCorr   .            s - ring of protection from cold
SInv    +            E - ring "Eruwk" {Str+6 Int+2 Dex+2 SInv Stlth-}
Will    +....        f - ring of the Queen {rPois Int+8}
Stlth   ++++++       w - +6 ring of strength
HPRegen 1.13/turn    A - ring of wizardry
MPRegen 0.22/turn    r - ring of magical power
                     j - ring "Seusuzol" {Fire Will+}

%: clarity, wizardry (x1)
@: very slightly contaminated, wreathed by umbra
A: almost no armour, amphibious, 8 rings, camouflage 1, gelatinous body 1,
(nimble swimmer 1), tentacles, clarity, wild magic 1
a: Renounce Religion, Shadow Step, Shadow Form


You were on level 13 of the Dungeon.
You worshipped Dithmenos.
Dithmenos was extremely pleased with you.
You visited 3 branches of the dungeon, and saw 16 of its levels.
You also visited: Bailey.

You collected 1814 gold pieces.
You spent 913 gold pieces at shops.

Inventory:

Hand Weapons
 z - the +8 short sword "Dragonslayer" (weapon) {chaos, rPois Int+3}
   (You took it off a kobold brigand on level 6 of the Dungeon)

   Int:       It affects your intelligence (+3).
   rPois:     It protects you from poison.
Missiles
 x - 5 throwing nets
Jewellery
 a - a ring of protection from fire
 f - the ring of the Queen (on tentacle) {rPois Int+8}
   (You acquired it on level 5 of the Dungeon)

   [ring of poison resistance]

   Int:       It affects your intelligence (+8).
   rPois:     It protects you from poison.
 j - the ring "Seusuzol" (on tentacle) {Fire Will+}
   (You bought it in a shop on level 12 of the Dungeon)

   [ring of fire]

   It enhances your fire magic.
   rF:        It protects you from fire.
   rC:        It makes you vulnerable to cold.
   Will:      It increases your willpower.
 l - an amulet of regeneration (around mantle)
 q - a +4 ring of protection (left tentacle)
 r - a ring of magical power (on tentacle)
 s - a ring of protection from cold (right tentacle)
 t - a ring of flight
 v - a ring of protection from fire
 w - a +6 ring of strength (on tentacle)
 A - a ring of wizardry (on tentacle)
 E - the ring "Eruwk" (on tentacle) {Str+6 Int+2 Dex+2 SInv Stlth-}
   (You bought it in a shop on level 5 of the Dungeon)

   [ring of strength]

   Str:       It affects your strength (+6).
   Int:       It affects your intelligence (+2).
   Dex:       It affects your dexterity (+2).
   SInv:      It lets you see invisible.
   Stlth:     It makes you less stealthy.
Wands
 e - a wand of flame (6)
 g - a wand of quicksilver (7)
 k - a wand of paralysis (16)
 m - a wand of polymorph (11)
 C - a wand of roots (9)
Scrolls
 n - 5 scrolls of fog
 p - a scroll of amnesia
Potions
 b - a potion of berserk rage
 c - a potion of attraction {unknown}
 d - a potion of brilliance
 i - a potion of cancellation
 o - 2 potions of curing
 u - 7 potions of enlightenment


   Skills:
 - Level 5.0 Fighting
 - Level 10.0 Short Blades
 + Level 10.8 Dodging
 - Level 8.0 Stealth
 * Level 6.1 Spellcasting
 + Level 4.8 Conjurations
 - Level 3.0 Transmutations
 - Level 4.0 Ice Magic
 - Level 5.0 Air Magic
 - Level 12.0 Poison Magic
 - Level 2.1 Invocations


You had one spell level left.
You knew the following spells:

 Your Spells              Type           Power      Damage    Failure   Level
a - Sting                 Tmut/Pois      100%       1d8       1%          1
b - Poisonous Vapours     Pois/Air       100%       N/A       1%          2
c - Mephitic Cloud        Conj/Pois/Air  69%        N/A       1%          3
d - Olgreb's Toxic Radia  Pois           89%        N/A       1%          4
e - Freezing Cloud        Conj/Ice/Air   27%        6-21      9%          5
f - Summon Lightning Spi  Summ/Air       36%        N/A       8%          4
g - Anguish               Hex/Necr       6%         N/A       21%         4

Your spell library contained the following spells:

 Spells                   Type           Power      Damage    Failure   Level
 Ensorcelled Hibernation  Hex/Ice        64%        N/A       1%          2
 Static Discharge         Conj/Air       100%       2-7/arc   1%          2
 Wereblood                Tmut           41%        N/A       1%          2
 Spider Form              Tmut/Pois      70%        N/A       1%          3
 Sublimation of Blood     Necr           13%        N/A       3%          2
 Airstrike                Air            28%        2d(4-20)  3%          4
 Call Canine Familiar     Summ           13%        N/A       6%          3
 Portal Projectile        Hex/Tloc       26%        N/A       6%          3
 Irradiate                Conj/Tmut      24%        3d19      12%         5
 Blade Hands              Tmut           20%        N/A       16%         5
 Leda's Liquefaction      Hex/Erth       6%         N/A       21%         4
 Dragon Form              Tmut           20%        N/A       98%         7
 Summon Hydra             Summ           6%         N/A       100%        7


Dungeon Overview and Level Annotations

Branches:
Dungeon (13/15)            Temple (0/1) D:6            Lair (1/5) D:10
    Orc (2/2) D:9          Bailey (visited)
    Elf: Orc:2       Vaults: D:13-14

Altars:
Dithmenos
Hepliaklqana
Kikubaaqudgha
Makhleb
Nemelex Xobeh
Okawaru
Qazlal
Ru
Trog
Vehumet
Xom
Yredelemnul
Zin

Shops:
D:5 *=   D:12 **:

Annotations:
D:13 3 runed translucent doors, Comisk's ghost, journeyman HuIE; Etrocim's ghost, journeyman KoDe; Haugobec's ghost, journeyman MiBe; Puroamod's ghost, journeyman DsCj


Innate Abilities, Weirdness & Mutations

You cannot wear most types of armour.
You are amphibious.
You can wear up to eight rings at the same time.
Your skin changes colour to match your surroundings (Stealth+).
Your rubbery body absorbs attacks. (AC +1, EV +1)
((You are camouflaged when in or above water. (Stealth+)))
You have tentacles for arms and can constrict up to eight enemies at once.
You possess an exceptional clarity of mind.
Your spells are a little harder to cast, but a little more powerful.


Message History

Unknown command.
You release your grip on the deep elf zephyrmancer.
The deep elf zephyrmancer casts a spell.
The deep elf zephyrmancer blinks!
The deep elf zephyrmancer mumbles some strange words.
The deep elf zephyrmancer blinks!
Your lightning spire shoots out a bolt of lightning at the deep elf zephyrmancer!
The bolt of electricity hits the deep elf zephyrmancer!
Unknown command.
Unknown command.
Casting: Summon Lightning Spire (dangerous; 9% risk of failure)
Confirm with . or Enter, or press ? or * to list all spells.
Aiming: Freezing Cloud (dangerous; 9% risk of failure)
Press: ? - help, Dir - move target, f - deep elf archer
Aim: a deep elf archer, wielding a +0 shortbow and wearing a +0 leather armour (severely wounded, repelling missiles, extremely poisoned, umbra)
You miscast Freezing Cloud.
You are very lightly contaminated with residual magic.
You are covered in a thin layer of ice!
* * * LOW HITPOINT WARNING * * *
The deep elf zephyrmancer casts a spell.
The deep elf zephyrmancer blinks!
The deep elf zephyrmancer casts a spell.
The deep elf zephyrmancer blinks!
Unknown command.
Unknown command.
Unknown command.
You hit the deep elf zephyrmancer.
Your grab misses the deep elf zephyrmancer.
The deep elf zephyrmancer is almost dead.
Your shadow hits the deep elf zephyrmancer but does no damage.
You kill the deep elf zephyrmancer!
Dithmenos accepts your kill.
The deep elf archer shoots an arrow.
The arrow hits you!
* * * LOW HITPOINT WARNING * * *
Your Spellcasting skill increases to level 6!
Unknown command.
Unknown command.
You feel better.
The ogre looks more healthy.
The deep elf archer shoots an arrow.
The arrow hits you!
You die...

#...#..#W...8 .
#....###.8/?# .°.
###..##
#####.....
##...####....# .
#........##### ..
##e.##).###
..#.#####8####..#
# .....)).§.#
##)## ##
..).Oo)e)@#
#.)########.
..#.#######
#...÷.......
##......Q...
#########.. #..
... .### .. .


You could see an orc knight (poisoned), a deep elf archer (repels missiles, very
poisoned, ally target), a deep elf zephyrmancer (very poisoned, drained), an
ogre (anguished) and a friendly lightning spire (summoned).

Vanquished Creatures
  Harold (Orc:1)
  A hydra (D:13)
  Erica (D:9)
  2 boulder beetles (D:13)
  2 two-headed ogres
  A tengu warrior (D:13)
  Lodul (D:13)
  A deep elf zephyrmancer (D:13)
  3 cyclopes
  An orc sorcerer (Orc:1)
  An ugly thing (D:12)
  Joseph (D:7)
  Maurice (D:13)
  A black mamba (shapeshifter) (D:13)
  2 cane toads (Lair:1)
  2 gargoyles (D:11)
  Maggie (D:9)
  3 komodo dragons
  2 trolls
  5 blink frogs (Lair:1)
  A shadow (D:12)
  3 wyverns
  A wraith (D:10)
  A basilisk (D:13)
  A nameless horror (D:12)
  15 yaks
  6 vampire mosquitoes
  Grum (D:9)
  2 water moccasins (D:10)
  Duvessa (D:7)
  4 black bears
  An ice beast (D:6)
  20 orc warriors
  8 ogres
  6 wolves
  2 phantoms
  2 centaurs (D:10)
  8 kobold brigands
  3 bullfrogs
  A gnoll sergeant (D:11)
  2 scorpions
  Dowan (D:7)
  5 wights (D:7)
  15 killer bees
  7 howler monkeys
  2 electric eels (Lair:1)
  2 lava snakes (Lair:1)
  A gnoll bouda (Orc:2)
  14 orc priests
  A hound (D:5)
  Jessica (D:2)
  2 iguanas
  10 orc wizards
  Robin (D:2)
  11 gnolls
  4 adders
  An ufetubus (D:4)
  2 worms
  A dart slug (D:1)
  60 orcs
  8 bats
  10 endoplasms
  3 giant cockroaches
  10 goblins
  8 hobgoblins
  15 jackals
  16 kobolds
  5 quokkas
  4 ball pythons
  2 frilled lizards
  7 rats
351 creatures vanquished.

Vanquished Creatures (collateral kills)
  A vampire mosquito (D:12)
  An orc warrior (Orc:1)
  2 wolves (Lair:1)
  A gnoll (Orc:2)
5 creatures vanquished.

Grand Total: 356 creatures vanquished

Notes
Turn   | Place    | Note
-------+----------+-------------------------------------------
     0 | D:1      | LobsterGuardian the Octopode Venom Mage began the quest for
                  | the Orb.
     0 | D:1      | Reached XP level 1. HP: 11/11 MP: 3/3
   209 | D:1      | Reached skill level 4 in Poison Magic
   210 | D:1      | Reached XP level 2. HP: 17/17 MP: 1/5
   833 | D:1      | Learned a level 2 spell: Poisonous Vapours
   915 | D:2      | Noticed Robin
   918 | D:2      | Reached XP level 3. HP: 21/21 MP: 3/6
  1388 | D:2      | Noticed Jessica
  1540 | D:2      | Killed Jessica
  1541 | D:2      | Reached skill level 1 in Fighting
  1541 | D:2      | Reached skill level 1 in Short Blades
  1541 | D:2      | Reached XP level 4. HP: 21/28 MP: 4/7
  1636 | D:2      | Found an iron altar of Okawaru.
  1822 | D:2      | Killed Robin
  2211 | D:2      | Upgraded the game from 0.31-a0-222-gefeffbb62a to
                  | 0.31-a0-233-g139696dc86
  2211 | D:2      | Upgraded the game from 0.31-a0-233-g139696dc86 to
                  | 0.31-a0-237-g2d982f9f85
  2363 | D:3      | Found a shadowy altar of Dithmenos.
  2393 | D:3      | Found a bloodstained altar of Trog.
  2417 | D:3      | Became a worshipper of Dithmenos the Shadowed
  2511 | D:3      | Found a radiant altar of Vehumet.
  2642 | D:3      | Reached XP level 5. HP: 33/33 MP: 7/9
  3220 | D:4      | Learned a level 3 spell: Mephitic Cloud
  3344 | D:4      | Found an ancient bone altar of Kikubaaqudgha.
  4052 | D:5      | Entered Level 5 of the Dungeon
  4365 | D:5      | Found a burning altar of Makhleb.
  4505 | D:5      | Reached skill level 5 in Poison Magic
  4567 | D:5      | Reached XP level 6. HP: 37/38 MP: 5/10
  4569 | D:5      | Reached * piety under Dithmenos
  4792 | D:5      | Found Sarghad's Gadget Gallery.
  4920 | D:5      | Found Visiruj's One-of-a-Kind Rings.
  4977 | D:5      | Identified a scroll of acquirement
  4977 | D:5      | Acquired the ring of the Queen {rPois Int+8}
  4985 | D:5      | Learned a level 4 spell: Olgreb's Toxic Radiance
  5018 | D:6      | Found a staircase to the Ecumenical Temple.
  5089 | D:6      | Reached skill level 6 in Poison Magic
  5089 | D:6      | Reached XP level 7. HP: 21/43 MP: 8/12
  5383 | D:6      | Found a large runed translucent door.
  5383 | D:6      | Found a large runed translucent door.
  5488 | D:7      | Found a basalt altar of Yredelemnul.
  5617 | D:7      | Noticed Duvessa
  5617 | D:7      | Noticed Dowan
  5641 | D:7      | Killed Dowan
  5650 | D:7      | Reached skill level 7 in Poison Magic
  5651 | D:7      | Killed Duvessa
  5652 | D:7      | Reached XP level 8. HP: 43/50 MP: 9/15
  5658 | D:7      | Reached skill level 8 in Poison Magic
  5689 | D:7      | Reached skill level 5 in Spellcasting
  5691 | D:7      | Reached skill level 1 in Air Magic
  5802 | D:7      | Noticed Joseph
  5816 | D:7      | Killed Joseph
  5817 | D:7      | Reached skill level 1 in Conjurations
  6378 | D:6      | Found a glowing silver altar of Zin.
  6438 | D:6      | Identified the +8 short sword "Dragonslayer" {chaos, rPois
                  | Int+3}
  6679 | D:6      | Reached XP level 9. HP: 56/56 MP: 16/16
  6685 | D:6      | Learned a level 5 spell: Freezing Cloud
  6831 | D:6      | Found a shimmering altar of Xom.
  6885 | D:6      | Reached ** piety under Dithmenos
  6894 | D:6      | Reached skill level 5 in Stealth
  7069 | D:8      | Found a sparkling altar of Nemelex Xobeh.
  7230 | D:8      | Found a sacrificial altar of Ru.
  7237 | D:8      | Reached skill level 9 in Poison Magic
  7488 | D:8      | Reached skill level 10 in Poison Magic
  7557 | D:8      | Identified the +6 hand axe of Doiwozaista {venom, Fly rN+
                  | Int+3}
  7910 | D:8      | Gained mutation: Your spells are a little harder to cast,
                  | but a little more powerful. [potion of mutation]
  7910 | D:8      | Gained mutation: You possess an exceptional clarity of
                  | mind. [potion of mutation]
  7933 | D:8      | Reached skill level 11 in Poison Magic
  7933 | D:8      | Reached XP level 10. HP: 43/63 MP: 6/17
  8037 | D:9      | Noticed Erica
  8045 | D:9      | Killed Erica
  8046 | D:9      | Reached skill level 1 in Ice Magic
  8073 | D:9      | Noticed Grum
  8077 | D:9      | Reached skill level 12 in Poison Magic
  8077 | D:9      | Killed Grum
  8225 | D:9      | Noticed Maggie
  8331 | D:9      | Killed Maggie
  8461 | D:9      | Reached skill level 5 in Dodging
  8619 | D:9      | Reached skill level 5 in Short Blades
  8752 | D:9      | Found a staircase to the Orcish Mines.
  8924 | D:9      | Noticed a two-headed ogre
  9009 | D:9      | Killed a two-headed ogre
  9010 | D:9      | Reached XP level 11. HP: 59/67 MP: 2/18
  9015 | D:9      | Learned a level 4 spell: Summon Lightning Spire
  9307 | D:10     | Entered Level 10 of the Dungeon
  9328 | D:10     | Reached *** piety under Dithmenos
  9428 | D:10     | Found a hazy altar of Hepliaklqana.
  9885 | D:10     | Found a staircase to the Lair.
  9889 | D:10     | Found a flagged portal.
  9897 | Bailey   | Entered a bailey
 10271 | Bailey   | Reached skill level 5 in Air Magic
 10346 | Bailey   | Found a burning altar of Makhleb.
 10389 | D:10     | Identified the +1 hand axe of Terror {heavy, rC+ Str+3}
 10534 | D:10     | Reached **** piety under Dithmenos
 10725 | D:10     | Found a stormy altar of Qazlal.
 11221 | D:11     | Noticed a cyclops
 11232 | D:11     | Killed a cyclops
 11452 | D:5      | Bought the ring "Eruwk" {Str+6 Int+2 Dex+2 SInv Stlth-} for
                  | 758 gold pieces
 12040 | D:11     | Noticed a cyclops
 12050 | D:11     | Killed a cyclops
 12144 | D:11     | Identified the +1 quarterstaff of Ustuse Poux {protect,
                  | *Corrode rElec rN+ Dex+6}
 12420 | D:12     | Noticed a cyclops
 12432 | D:12     | Killed a cyclops
 12433 | D:12     | Reached skill level 10 in Short Blades
 12433 | D:12     | Reached XP level 12. HP: 72/72 MP: 1/19
 12436 | D:12     | Learned a level 2 spell: Sublimation of Blood
 12596 | D:12     | Found Guank's Book Shoppe.
 12748 | D:12     | Noticed a two-headed ogre
 12750 | D:12     | Killed a two-headed ogre
 12803 | D:12     | Found Cic Icva's Assorted Antiques.
 12995 | D:12     | Found Nietah's Assorted Antiques.
 13001 | D:12     | Bought a warped bone ring for 155 gold pieces
 13001 | D:12     | Identified the ring "Seusuzol" {Fire Will+} (You bought it
                  | in a shop on level 12 of the Dungeon)
 13153 | D:13     | Noticed Maurice
 13153 | D:13     | Noticed a tengu warrior
 13204 | Lair:1   | Entered Level 1 of the Lair of Beasts
 13227 | Lair:1   | Reached skill level 5 in Fighting
 13229 | Lair:1   | Reached skill level 1 in Invocations
 13247 | Lair:1   | Reached ***** piety under Dithmenos
 13547 | Orc:1    | Entered Level 1 of the Orcish Mines
 13552 | Orc:1    | Noticed Harold
 13559 | Orc:1    | Killed Harold
 13856 | Orc:2    | Entered Level 2 of the Orcish Mines
 13998 | Orc:2    | Noticed a two-headed ogre
 14014 | Orc:1    | Noticed an orc warlord
 14014 | Orc:1    | Noticed an orc high priest
 14225 | D:13     | Killed a tengu warrior
 14232 | D:13     | Killed Maurice
 14242 | D:13     | Noticed a boulder beetle
 14471 | D:13     | Killed a boulder beetle
 14753 | D:13     | Found a runed translucent gate.
 14753 | D:13     | Found a runed translucent gate.
 14753 | D:13     | Found a runed translucent gate.
 14753 | D:13     | Noticed Haugobec's ghost (journeyman MiBe)
 14754 | D:13     | Noticed Etrocim's ghost (journeyman KoDe)
 14754 | D:13     | Noticed Puroamod's ghost (journeyman DsCj)
 14754 | D:13     | Noticed Comisk's ghost (journeyman HuIE)
 14779 | D:13     | Noticed a seven-headed hydra
 14796 | D:13     | Noticed Lodul
 14801 | D:13     | Reached skill level 10 in Dodging
 14806 | D:13     | Killed a seven-headed hydra
 14809 | D:13     | Killed Lodul
 14818 | D:13     | Noticed a tengu warrior
 14826 | D:13     | Noticed a boulder beetle
 14872 | D:13     | Killed a boulder beetle
 14873 | D:13     | Reached XP level 13. HP: 58/81 MP: 3/21
 15118 | D:13     | Learned a level 4 spell: Anguish
 15193 | D:13     | Shot with an arrow by a deep elf archer

Illustrated notes

Levels and vault maps discovered:
D:1:      wheals_arrival_shading, layout_loops_cross, hangedman_glass_teeth
D:2:      layout_loops_ring, basic_altar, minmay_quantized, uniq_robin,
          uniq_jessica
D:3:      wander_river, layout_loops_ring, mainiacjoe_overflow_catwalk,
          mainiacjoe_overflow_24_doors, old_standard_altar,
          grunt_decor_resistance, serial_bayou_pond_d, minmay_misc_feat_x
D:4:      layout_basic, amcnicky_altar_gilded
D:5:      layout_rooms, mainiacjoe_overflow_boulevard, nrook_mini_vaults,
          nicolae_shop_unique_rings, nicolae_shop_gadgets
D:6:      due_chaos_kobolds, layout_gridville, zin_academy,
          minmay_temple_entry_junction
D:7:      layout_basic, mainiacjoe_overflow_six_doors_small, uniq_duvessa,
          uniq_joseph
D:8:      layout_cave_pools, nemelex_xobeh_ov_fountains_minmay,
          mainiacjoe_overflow_small_starburst
D:9:      layout_rooms, david_orc_5, uniq_grum, uniq_maggie, uniq_erica
D:10:     layout_long_grid, mainiacjoe_overflow_surrounded_room,
          nicolae_overflow_hidden_temple, due_lair_maze_entry_diamond,
          enter_bailey_2, serial_glass, glass_columns_a, glass_columns_c,
          item_on_display_a, minmay_strange_pillars, due_unseen_surprise
D:11:     layout_loops_cross
D:12:     layout_loops_cross, serial_shops, shop, shop,
          nicolae_shop_overgrown_old_shop
D:13:     layout_layer_cave, hangedman_vaults_entry_quadrant_bands,
          gammafunk_ghost_cemetery, lemuel_flamethrower_2, uniq_maurice,
          uniq_lodul
Lair:1:   kb_forest_paths, layout_cave_pods, hellmonk_ghost_happy_afterlife,
          nicolae_lair_liquid_snakes, serial_bayou_shore_b,
          infiniplex_staircase_pool_2
Orc:1:    layout_diamond_mine, nicolae_volcano_entry_s_turn, uniq_harold
Orc:2:    st_orc_elflike, layout_caves, basic_altar

Skill      XL: |  1  2  3  4  5  6  7  8  9 10 11 12 13 |
---------------+----------------------------------------+-----
Poison Magic   | 4 5 6 7 8 11 12 | 12.0
Stealth        | 3 4 8 |  8.0
Fighting       | 1 2 3 5 |  5.0
Short Blades   | 1 2 3 5 10 | 10.0
Transmutations | 2 3 |  3.0
Spellcasting   | 3 4 5 6 |  6.1
Air Magic      | 3 5 |  5.0
Conjurations   | 3 4 |  4.8
Dodging        | 3 5 6 10 | 10.8
Ice Magic      | 3 4 |  4.0
Invocations    | 2 |  2.1

Action                     |  1- 3 |  4- 6 |  7- 9 | 10-12 | 13-15 || total
---------------------------+-------+-------+-------+-------+-------++-------
  Melee: Unarmed           |     2 |       |       |       |       ||     2
         Constrict         |    12 |    21 |     9 |    27 |     4 ||    73
         Tentacles         |     8 |    17 |    18 |    36 |     5 ||    84
         Short sword       |    50 |   101 |    51 |   174 |    14 ||   390
         Punch             |     1 |     1 |     2 |     2 |     2 ||     8
         Dagger            |       |       |    43 |       |       ||    43
   Cast: Sting             |    43 |    68 |    35 |   114 |     3 ||   263
         Poisonous Vapours |     3 |     7 |     2 |    34 |     1 ||    47
         Mephitic Cloud    |       |     3 |     6 |    17 |       ||    26
         Olgreb's Toxic Ra |       |       |    14 |    38 |     2 ||    54
         Freezing Cloud    |       |       |     3 |    19 |     1 ||    23
         Summon Lightning  |       |       |       |    10 |     1 ||    11
         Sublimation of Bl |       |       |       |     5 |       ||     5
         Anguish           |       |       |       |       |     1 ||     1
 Invoke: Shadow Step       |       |       |     1 |     1 |       ||     2
  Evoke: Wand              |       |       |     1 |       |       ||     1
    Use: Scroll            |     5 |     5 |     8 |    11 |       ||    29
         Potion            |       |       |     5 |     8 |     1 ||    14
   Stab: Sleeping          |     7 |    16 |     6 |    11 |       ||    40
         Distracted        |     1 |       |       |       |       ||     1
         Paralysed         |       |       |     2 |       |       ||     2
         Invisible         |       |       |     1 |       |       ||     1
         Confused          |       |       |       |     8 |       ||     8
 Armour: Skin              |    11 |     7 |    12 |    18 |       ||    48
  Dodge: Dodged            |    44 |    59 |    49 |   121 |     4 ||   277

Table legend: (Time is in decaauts)
 A = Elapsed time spent in this place.
 B = Non-inter-level travel time spent in this place.
 C = Inter-level travel time spent in this place.
 D = Time resting spent in this place.
 E = Time spent auto-exploring this place.
 F = Levels seen in this place.
 G = Mean time per level.
                   A        B        C        D        E       F      G
               +--------+--------+--------+--------+--------+-----+--------+
         Total |  14967 |  13683 |   1284 |    165 |  11341 |  17 |  880.4 |
       Dungeon |  13779 |  12530 |   1249 |    165 |  10423 |  13 | 1059.9 |
          Lair |    197 |    197 |      0 |      0 |    147 |   1 |  197.0 |
  Orcish Mines |    502 |    468 |     34 |      0 |    404 |   2 |  251.0 |
        Bailey |    488 |    488 |      0 |      0 |    367 |   1 |  488.0 |
               +--------+--------+--------+--------+--------+-----+--------+

Top non-repeatable levels by time:
    D:10: 1602 daAuts
     D:8: 1303 daAuts
     D:6: 1201 daAuts
     D:1: 1173 daAuts
     D:4: 1164 daAuts
     D:9: 1103 daAuts
     D:2: 1038 daAuts
    D:11: 977 daAuts
    D:12: 940 daAuts
     D:7: 899 daAuts
     D:5: 843 daAuts
     D:3: 818 daAuts
    D:13: 714 daAuts
  Bailey: 488 daAuts
   Orc:1: 346 daAuts
